AoeStats
← 你备用金还了吗

Arabia

503246743Analyzed
1v1 RM · 2mo ago on Aug 30, 2026· 45m 32s· 2 players
Game mode
Random Map
Map size
Tiny (2 player)
Population
200
Speed
Normal
Resources
Standard
Victory
Conquest
Starting age
Dark Age
Ending age
Imperial Age
RankedLock teamsTeams togetherTeam positionsShared explorationLock speedFull tech treeHidden civsTurbo modeCheats
Victory
Defeat
🇨🇳 Wu · China
656
+17
vs
🇪🇸 Romans · Spain
674
-17
你备用金还了吗
10:11 Loom
11:59 Feudal Age
10:14 Loom
12:02 Feudal Age
13:07 Double-Bit Axe
13:09 Horse Collar
14:21 Forging
18:41 Castle Age
17:26 Fishing Lines
22:38 Wheelbarrow
23:02 Bow Saw
25:31 Hand Cart
25:14 Gillnets
27:56 Forging
27:52 Scale Barding Armor
27:50 Scale Mail Armor
29:33 Chain Mail Armor
29:54 Iron Casting
33:14 Scale Barding Armor
33:02 Fletching
33:30 Town Watch
37:38 Imperial Age
36:22 Bodkin Arrow
36:54 Town Patrol
38:14 Red Cliffs Tactics
39:50 Arson
40:25 Treadmill Crane
41:46 Chemistry
41:13 Conscription
41:27 Sitting Tiger
40:49 Elite Fire Archer
Ualnukh
10:10 Feudal Age
10:59 Double-Bit Axe
21:16 Castle Age
19:18 Gold Mining
19:27 Fletching
22:05 Forging
22:01 Scale Barding Armor
24:45 Bloodlines
26:00 Squires
28:37 Wheelbarrow
32:59 Imperial Age
31:11 Ballistas
32:38 Horse Collar
36:30 Elite Skirmisher
39:14 Bodkin Arrow
41:53 Heavy Scorpion
Connection lost

Rejoining the realm…

Still unreachable

The connection could not be restored.

Session expired

The server has moved on; the page needs a fresh start.